 Dungeon Crawl Stone Soup version 0.26-a0-835-g8259106e14 (webtiles) character file.

Game seed: 15132733788773498401

117080 Gargoyl the Corrupter of Planes (level 16, -1/128 (129) HPs)
             Began as a Gnoll Abyssal Knight on Nov 17, 2020.
             Was the Champion of Lugonu.
             Killed from afar by a spriggan druid (38 damage)
             ... with a stone arrow
             ... on level 3 of the Lair of Beasts.
             The game lasted 00:51:02 (33992 turns).

Gargoyl the Corrupter of Planes (GnAK)             Turns: 33992, Time: 00:51:03

HP:   -1/128 (129)  AC: 23    Str: 25 (27) XL:     16   Next: 73%
MP:   31/31         EV: 14    Int: 17 (19) God:    Lugonu [******]
Gold: 805           SH: 10    Dex: 17 (18) Spells: 37/37 levels left

rFire    + . .     SeeInvis .   y - +3 war axe (flame)
rCold    . . .     Faith    .   F - +3 warlock's mirror {reflect}
rNeg     + + .     Spirit   .   W - +0 plate armour {rF+}
rPois    .         Reflect  +   X - -1 helmet "Qacrie" {Slay+5 Stlth+}
rElec    +         Harm     .   l - +1 cloak
rCorr    .         Rampage  .   b - +2 pair of gloves {Dex+3}
MR       +....                  s - +0 pair of boots
Stlth    ++........             M - amulet of regeneration
HPRegen  0.71/turn              G - ring "Peve Qoro" {*Slow rElec rN+ Str+6 Int+2}
MPRegen  0.22/turn              o - ring of Qaphal {rElec rN+ Int+2}

@: no status effects
A: distributed training, fangs 1, strong nose
a: Depart the Abyss, Bend Space, Banish, Corrupt, Enter the Abyss, Brand Weapon
With Distortion, Renounce Religion


You were on level 3 of the Lair of Beasts.
You worshipped Lugonu.
Lugonu was exalted by your worship.
You visited 4 branches of the dungeon, and saw 24 of its levels.
You visited the Abyss 1 time.

You collected 3267 gold pieces.
You spent 2462 gold pieces at shops.

Inventory:

Hand Weapons
 n - a +4 broad axe
 w - the +7 whip "Votsuok" {drain, +Rage rPois rF+}
   (You found it on level 5 of the Dungeon)

   A truly terrible weapon, it drains the life of those it strikes.
   It protects you from fire.
   It protects you from poison.
   It lets you go berserk.
 y - a +3 war axe of flaming (weapon)
 Q - a +5 hand axe
Missiles
 r - 24 poisoned darts (quivered)
Armour
 b - a +2 pair of gloves of dexterity (worn)
 l - a +1 cloak (worn)
 s - a +0 pair of boots (worn)
 F - the +3 warlock's mirror (worn) {reflect}
   (You bought it in a shop on level 4 of the Dungeon)
 W - a +0 plate armour of fire resistance (worn)
 X - the -1 helmet "Qacrie" (worn) {Slay+5 Stlth+}
   (You bought it in a shop on level 13 of the Dungeon)

   It affects your accuracy and damage with ranged weapons and melee attacks
   (+5).
   It makes you more stealthy.
Jewellery
 a - an uncursed ring of protection from magic
 i - a +6 ring of dexterity
 k - an uncursed ring of protection from cold
 o - the ring of Qaphal (right hand) {rElec rN+ Int+2}
   (You bought it in a shop on level 2 of the Orcish Mines)

   [ring of positive energy]

   It affects your intelligence (+2).
   It insulates you from electricity.
   It protects you from negative energy.
 E - an uncursed amulet of reflection
 G - the ring "Peve Qoro" (left hand) {*Slow rElec rN+ Str+6 Int+2}
   (You acquired it on level 6 of the Lair of Beasts)

   [ring of strength]

   It affects your strength (+6).
   It affects your intelligence (+2).
   It insulates you from electricity.
   It protects you from negative energy.
   It may slow you when you take damage.
 K - an uncursed ring of flight
 M - an amulet of regeneration (around neck)
 U - an uncursed ring of ice {unknown}
 V - an uncursed amulet of faith {unknown}
Wands
 d - a wand of flame (35)
 g - a wand of random effects (48)
 x - a wand of polymorph (8)
 B - a wand of acid (29)
 I - a wand of paralysis (15)
 N - a wand of enslavement (11)
 O - a wand of iceblast (12)
 P - a wand of disintegration (14)
Scrolls
 h - a scroll of blinking
 j - 5 scrolls of fog
 q - 9 scrolls of teleportation
 z - 3 scrolls of magic mapping
 H - 3 scrolls of fear
 S - a scroll of identify
 T - a scroll of holy word
Potions
 c - 2 potions of flight
 f - 6 potions of brilliance
 m - 2 potions of haste
 p - 2 potions of magic
 t - 2 potions of invisibility
 u - 2 potions of berserk rage
 v - 2 potions of cancellation
 A - 6 potions of heal wounds
 C - 4 potions of might
 D - 6 potions of curing
 R - 2 potions of resistance


   Skills:
 + Level 12.5 Fighting
 + Level 11.0 Short Blades
 + Level 11.0 Long Blades
 + Level 11.8 Axes
 + Level 11.0 Maces & Flails
 + Level 11.0 Polearms
 + Level 11.0 Staves
 + Level 11.0 Slings
 + Level 11.0 Bows
 + Level 11.0 Crossbows
 + Level 11.0 Throwing
 + Level 11.8 Armour
 + Level 11.3 Dodging
 + Level 11.0 Stealth
 + Level 11.0 Shields
 + Level 11.0 Unarmed Combat
 + Level 11.0 Spellcasting
 + Level 9.3 Conjurations
 + Level 9.3 Hexes
 + Level 9.3 Summonings
 + Level 9.3 Necromancy
 + Level 9.3 Translocations
 + Level 9.3 Transmutations
 + Level 9.3 Fire Magic
 + Level 9.3 Ice Magic
 + Level 9.3 Air Magic
 + Level 9.3 Earth Magic
 + Level 9.3 Poison Magic
 + Level 12.6 Invocations
 + Level 11.0 Evocations


You had 37 spell levels left.
You didn't know any spells.
Your spell library contained the following spells:

 Spells                   Type           Power        Failure   Level
 Animate Skeleton         Necr           #####.       1%          1
 Apportation              Tloc           #####.       1%          1
 Corona                   Hex            #####..      1%          1
 Magic Dart               Conj           ####         1%          1
 Pain                     Necr           ####         1%          1
 Summon Small Mammal      Summ           ####         1%          1
 Ensorcelled Hibernation  Hex/Ice        #####.       2%          2
 Searing Ray              Conj           #####.       2%          2
 Slow                     Hex            #####...     2%          2
 Confusing Touch          Hex            #####...     4%          3
 Dazzling Flash           Conj/Hex       #####.       4%          3
 Gell's Gravitas          Tloc           #####.....   4%          3
 Inner Flame              Hex/Fire       #####...     4%          3
 Portal Projectile        Hex/Tloc       #####.       4%          3
 Tukima's Dance           Hex            #####...     4%          3
 Vampiric Draining        Necr           #####.....   4%          3
 Animate Dead             Necr           #####.....   14%         4
 Cause Fear               Hex            #####.....   14%         4
 Fulminant Prism          Conj/Hex       #####.....   14%         4
 Iskenderun's Mystic Bla  Conj/Tloc      #####...     14%         4
 Leda's Liquefaction      Hex/Erth       #####.....   14%         4
 Petrify                  Tmut/Erth      #####...     14%         4
 Agony                    Necr           #####...     38%         5
 Metabolic Englaciation   Hex/Ice        #####.....   38%         5
 Yara's Violent Unravell  Hex/Tmut       #####.....   38%         5


Dungeon Overview and Level Annotations

Branches:
Dungeon (15/15)            Temple (0/1) D:7            Lair (6/6) D:8
  Swamp (1/4) Lair:3       Spider (0/4) Lair:4        Slime (0/5) Lair:6
    Orc (2/2) D:9             Elf (0/3) Orc:2        Vaults (0/5) D:13
 Depths (0/5) D:15

Altars:
Cheibriados
Dithmenos
Elyvilon
Fedhas
Gozag
Makhleb
Nemelex Xobeh
Qazlal
Ru
Vehumet
Xom
Yredelemnul
The Shining One
Beogh

Shops:
D:4 [   D:5 [   D:8 ?   D:13 [   D:15 [??!(   Orc:1 :   Orc:2 (*?[=


Innate Abilities, Weirdness & Mutations

Your experience applies equally to all skills.
You have very sharp teeth.
Your uncanny sense of smell can sniff out nearby items.


Message History

The stone arrow hits the spriggan druid!!!
You block the spriggan druid's attack. The eleionoma barely misses you.
You block the spriggan druid's attack.
The spriggan druid casts a spell at you.
The stone arrow hits you but does no damage.
The spriggan druid gestures wildly while chanting.
The spriggan druid is healed somewhat.
The spriggan druid casts a spell at you.
The stone arrow misses you.
The spriggan druid hits you but does no damage.
The spriggan druid gestures at you while chanting.
The stone arrow hits you!!
* * * LOW HITPOINT WARNING * * *
You block the spriggan druid's attack.
There is a stone staircase leading up here.
You feel yourself speed up. The spriggan druid barely misses you.
The spriggan druid points at you and mumbles some strange words.
The stone arrow hits you!!!
You die...

###..#######..#.########
##........###.######§.§.#
#...##P#....#....##.§§.§##
##..####............§§§§.#
# #.##
#...##..##.##.#§§§## # #.#
##.##...#######..§# # #.#
#####..# ##.## # #.# #Ri#
#.## # ##.## ##.@# ##..# #
#...### ###...# #P..#
####...#.###.P...# #...#
.##..............# #..##
.#....P#.###....## #.#.#
......#### ###.## ##..##
.#..#.## #.# #...#
..###..# #.# ### ##.## .##
#.## ###.####.###..###


You could see an eleionoma and a spriggan druid.

Vanquished Creatures
  An orc warlord (Orc:2)
  Nessos (D:15)
  5 boulder beetles
  An ogre mage (D:15)
  10 hydras
  A death knight (D:14)
  A catoblepas (Lair:6)
  3 centaur warriors
  5 dancing weapons (D:14)
  11 two-headed ogres
  An alligator (Lair:3)
  An orc high priest (Orc:2)
  8 death yaks
  A skeletal warrior (D:15)
  A wizard (D:15)
  2 phantasmal warriors (D:14)
  Pikel (D:6)
  6 orc knights
  3 orc sorcerers
  14 ugly things
  2 wolf spider zombies (D:15)
  3 necromancers
  3 deep elf magi
  2 cyclopes (D:11)
  2 manticores
  Psyche (D:8)
  7 black mambas
  A torpor snail (Lair:6)
  30 cane toads
  An orange demon (D:8)
  2 gargoyles (D:10)
  A naga mage (D:15)
  Maggie (D:9)
  A kobold demonologist (D:11)
  3 rime drakes
  8 komodo dragons
  A red devil (D:8)
  14 trolls
  15 blink frogs
  Prince Ribbit (D:8)
  3 polar bears
  3 meliai (D:15)
  5 tyrant leeches (Lair:6)
  2 meliai zombies
  Grinder (D:3)
  5 slime creatures
  A hornet (D:11)
  18 dream sheep
  2 centaur simulacra (D:15)
  A spriggan (shapeshifter) (D:15)
  5 wraiths
  Eustachio (D:5)
  A redback (Lair:4)
  71 yaks
  10 wyverns
  6 basilisks
  A steam dragon (D:7)
  A fire bat (shapeshifter) (D:15)
  6 vampire mosquitoes
  3 swamp worms (Swamp:1)
  2 acid dragons
  3 soldier ants
  24 water moccasins
  A hornet zombie (D:15)
  4 phantoms
  3 black bears
  35 orc warriors
  5 ice beasts
  15 ogres
  4 sky beasts
  2 necrophages
  14 wolves
  18 centaurs
  A big kobold (D:7)
  Blork the orc (D:6)
  A wyvern zombie (D:13)
  30 bullfrogs
  A water moccasin zombie (D:8)
  A water moccasin skeleton (D:4)
  A scorpion (D:7)
  A killer bee (D:11)
  24 wights
  An electric eel (Lair:5)
  5 howler monkeys
  2 bullfrog zombies
  3 quasits
  4 centaur skeletons
  5 hounds
  A jelly (D:7)
  4 centaur zombies
  16 orc priests
  A bullfrog skeleton (D:7)
  An iguana (shapeshifter) (D:13)
  Terence (D:3)
  18 orc wizards
  9 iguanas
  9 worker ants
  8 hell rats
  A killer bee zombie (D:7)
  A hound zombie (D:10)
  A hound skeleton (D:10)
  A worker ant zombie (D:3)
  Robin (D:2)
  10 gnolls
  19 adders
  14 white imps
  An ufetubus (D:6)
  An ooze (D:3)
  An adder skeleton (D:9)
  3 adder zombies
  2 worms
  A dart slug (D:1)
  4 leopard geckos
  100 orcs
  6 bats
  4 giant cockroaches
  14 goblins
  20 hobgoblins
  3 jackals (D:6)
  11 kobolds
  8 quokkas
  9 ball pythons
  8 frilled lizards
  10 rats
855 creatures vanquished.

Vanquished Creatures (collateral kills)
  A hydra (Lair:6)
  A bullfrog (Lair:6)
2 creatures vanquished.

Vanquished Creatures (others)
  A bloated husk (Swamp:1)
  A yak (D:11)
  A kobold (D:7)
  2 bushes
  63 fungi
  133 plants
201 creatures vanquished.

Grand Total: 1058 creatures vanquished

Notes
Turn   | Place    | Note
-------+----------+-------------------------------------------
     0 | Abyss:1  | Gargoyl the Gnoll Abyssal Knight began the quest for the
                  | Orb.
     0 | Abyss:1  | Reached XP level 1. HP: 23/23 MP: 3/3
    51 | Abyss:1  | Noticed a fire bat
   223 | Abyss:2  | Noticed a great orb of eyes
   224 | D:1      | Escaped the Abyss
   326 | D:1      | Reached * piety under Lugonu
   355 | D:1      | Reached XP level 2. HP: 25/29 MP: 5/5
   941 | D:1      | Reached XP level 3. HP: 35/35 MP: 6/6
  1309 | D:2      | Reached skill level 1 in Short Blades
  1309 | D:2      | Reached skill level 1 in Long Blades
  1309 | D:2      | Reached skill level 1 in Maces & Flails
  1309 | D:2      | Reached skill level 1 in Polearms
  1309 | D:2      | Reached skill level 1 in Staves
  1309 | D:2      | Reached skill level 1 in Slings
  1309 | D:2      | Reached skill level 1 in Bows
  1309 | D:2      | Reached skill level 1 in Crossbows
  1309 | D:2      | Reached skill level 1 in Throwing
  1309 | D:2      | Reached skill level 1 in Stealth
  1309 | D:2      | Reached skill level 1 in Shields
  1309 | D:2      | Reached skill level 1 in Unarmed Combat
  1309 | D:2      | Reached skill level 1 in Spellcasting
  1309 | D:2      | Reached skill level 1 in Evocations
  1385 | D:2      | Noticed Robin
  1412 | D:2      | Killed Robin
  1413 | D:2      | Reached XP level 4. HP: 39/41 MP: 7/7
  1502 | D:2      | Reached ** piety under Lugonu
  1503 | D:2      | Reached skill level 1 in Conjurations
  1503 | D:2      | Reached skill level 1 in Hexes
  1503 | D:2      | Reached skill level 1 in Summonings
  1503 | D:2      | Reached skill level 1 in Necromancy
  1503 | D:2      | Reached skill level 1 in Translocations
  1503 | D:2      | Reached skill level 1 in Transmutations
  1503 | D:2      | Reached skill level 1 in Fire Magic
  1503 | D:2      | Reached skill level 1 in Ice Magic
  1503 | D:2      | Reached skill level 1 in Air Magic
  1503 | D:2      | Reached skill level 1 in Earth Magic
  1503 | D:2      | Reached skill level 1 in Poison Magic
  1616 | D:2      | Found a stormy altar of Qazlal.
  1617 | D:2      | Noticed a fire elemental
  1618 | D:2      | Noticed a water elemental
  1619 | D:2      | Noticed an air elemental
  1619 | D:2      | Noticed an earth elemental
  1772 | D:2      | Found a blossoming altar of Fedhas.
  1780 | D:2      | Found a glowing golden altar of the Shining One.
  2233 | D:3      | Reached XP level 5. HP: 43/47 MP: 8/8
  2235 | D:3      | Noticed Grinder
  2245 | D:3      | Paralysed by Grinder for 6 turns
  2254 | D:3      | Paralysed by Grinder for 4 turns
  2314 | D:3      | Paralysed by Grinder for 3 turns
  2337 | D:3      | Paralysed by Grinder for 4 turns
  2344 | D:3      | Killed Grinder
  2345 | D:3      | Reached skill level 5 in Axes
  2345 | D:3      | Reached skill level 5 in Armour
  2345 | D:3      | Reached skill level 5 in Invocations
  2345 | D:3      | Reached XP level 6. HP: 13/53 MP: 9/9
  2657 | D:3      | Noticed Terence
  2680 | D:3      | Killed Terence
  2722 | D:3      | Found a shimmering altar of Xom.
  2961 | D:3      | Found a radiant altar of Vehumet.
  3261 | D:3      | Reached XP level 7. HP: 59/59 MP: 10/10
  3320 | D:3      | Found a sacrificial altar of Ru.
  3782 | D:4      | Reached *** piety under Lugonu
  4034 | D:4      | Found Vutasur's Antique Armour Shoppe.
  4432 | D:5      | Entered Level 5 of the Dungeon
  4614 | D:5      | Found a white marble altar of Elyvilon.
  4624 | D:5      | Got a pitted whip
  4632 | D:5      | Identified the +7 whip "Votsuok" {drain, +Rage rPois rF+}
                  | (You found it on level 5 of the Dungeon)
  4697 | D:5      | Reached XP level 8. HP: 63/67 MP: 12/12
  4803 | D:5      | Noticed Eustachio
  4831 | D:5      | Killed Eustachio
  4944 | D:5      | Found a snail-covered altar of Cheibriados.
  5119 | D:5      | Found Arei's Antique Armour Shop.
  5146 | D:5      | Found a sparkling altar of Nemelex Xobeh.
  5958 | D:6      | Reached XP level 9. HP: 55/72 MP: 14/14
  6302 | D:6      | Noticed Pikel
  6311 | D:6      | Killed Pikel
  6312 | D:6      | Reached skill level 5 in Dodging
  6481 | D:6      | Noticed Blork the orc
  6492 | D:6      | Killed Blork the orc
  6669 | D:6      | Reached **** piety under Lugonu
  7328 | D:7      | Found a staircase to the Ecumenical Temple.
  7543 | D:7      | Reached XP level 10. HP: 39/79 MP: 17/17
  8037 | D:7      | Reached skill level 5 in Short Blades
  8037 | D:7      | Reached skill level 5 in Long Blades
  8037 | D:7      | Reached skill level 5 in Maces & Flails
  8037 | D:7      | Reached skill level 5 in Polearms
  8037 | D:7      | Reached skill level 5 in Staves
  8037 | D:7      | Reached skill level 5 in Slings
  8037 | D:7      | Reached skill level 5 in Bows
  8037 | D:7      | Reached skill level 5 in Crossbows
  8037 | D:7      | Reached skill level 5 in Throwing
  8037 | D:7      | Reached skill level 5 in Stealth
  8037 | D:7      | Reached skill level 5 in Shields
  8037 | D:7      | Reached skill level 5 in Unarmed Combat
  8037 | D:7      | Reached skill level 5 in Spellcasting
  8037 | D:7      | Reached skill level 5 in Evocations
  8243 | D:7      | Found a basalt altar of Yredelemnul.
  8637 | D:8      | Noticed Prince Ribbit
  8668 | D:8      | Killed Prince Ribbit
  9037 | D:8      | Reached ***** piety under Lugonu
  9144 | D:8      | Found a staircase to the Lair.
  9281 | D:8      | Noticed a rust devil
  9281 | D:8      | Noticed a hell beast
  9282 | D:8      | Noticed an orange demon
  9291 | D:8      | Found a basalt altar of Yredelemnul.
  9360 | D:8      | Found Halun's Magic Scroll Emporium.
  9502 | D:8      | Reached XP level 11. HP: 32/86 MP: 19/19
  9813 | D:8      | Found a shadowy altar of Dithmenos.
 10073 | D:9      | Found a flagged portal.
 10185 | D:9      | Reached skill level 5 in Conjurations
 10185 | D:9      | Reached skill level 5 in Hexes
 10185 | D:9      | Reached skill level 5 in Summonings
 10185 | D:9      | Reached skill level 5 in Necromancy
 10185 | D:9      | Reached skill level 5 in Translocations
 10185 | D:9      | Reached skill level 5 in Transmutations
 10185 | D:9      | Reached skill level 5 in Fire Magic
 10185 | D:9      | Reached skill level 5 in Ice Magic
 10185 | D:9      | Reached skill level 5 in Air Magic
 10185 | D:9      | Reached skill level 5 in Earth Magic
 10185 | D:9      | Reached skill level 5 in Poison Magic
 10378 | D:9      | Found a roughly hewn altar of Beogh.
 10378 | D:9      | Found a staircase to the Orcish Mines.
 10787 | D:4      | Bought the +3 warlock's mirror {reflect} for 680 gold
                  | pieces
 10787 | D:4      | Found the +3 warlock's mirror {reflect}
 11189 | D:8      | Noticed Psyche
 11203 | D:8      | Killed Psyche
 12324 | D:9      | Noticed a red ugly thing
 12345 | D:9      | Killed a red ugly thing
 12693 | D:9      | Noticed Maggie
 12714 | D:9      | Killed Maggie
 12882 | D:9      | Found an opulent altar of Gozag.
 13085 | Lair:1   | Entered Level 1 of the Lair of Beasts
 14842 | Lair:2   | Reached XP level 12. HP: 75/95 MP: 22/22
 15421 | Lair:3   | Found a staircase to the Swamp.
 15421 | Lair:3   | Noticed a six-headed hydra
 15437 | Lair:3   | Killed a six-headed hydra
 15509 | Lair:3   | Noticed a four-headed hydra
 15528 | Lair:3   | Killed a four-headed hydra
 15668 | Lair:3   | Noticed a five-headed hydra
 15704 | Lair:3   | Killed a five-headed hydra
 16635 | Lair:3   | Reached skill level 10 in Fighting
 16715 | Lair:3   | Noticed a death yak
 16720 | Lair:3   | Noticed a death yak
 16723 | Lair:3   | Noticed a death yak
 16755 | Lair:3   | Killed a death yak
 16767 | Lair:3   | Killed a death yak
 16778 | Lair:3   | Killed a death yak
 17101 | Lair:4   | Noticed a death yak
 17101 | Lair:4   | Noticed a death yak
 17101 | Lair:4   | Noticed a death yak
 17101 | Lair:4   | Noticed a death yak
 17129 | Lair:3   | Killed a death yak
 17147 | Lair:3   | Killed a death yak
 17148 | Lair:3   | Reached XP level 13. HP: 64/102 MP: 24/24
 17883 | Lair:4   | Found a burning altar of Makhleb.
 17945 | Lair:4   | Reached skill level 10 in Invocations
 18128 | Lair:4   | Found a hole to the Spider Nest.
 19113 | Lair:5   | Reached ****** piety under Lugonu
 20931 | Lair:6   | Entered Level 6 of the Lair of Beasts
 21316 | Lair:5   | Reached XP level 14. HP: 101/110 MP: 26/26
 21473 | Lair:6   | Reached skill level 10 in Axes
 21473 | Lair:6   | Reached skill level 10 in Armour
 24346 | Lair:6   | Identified a scroll of acquirement
 24346 | Lair:6   | Acquired the ring "Peve Qoro" {*Slow rElec rN+ Str+6 Int+2}
 24380 | Lair:6   | Found a staircase to the Slime Pits.
 24864 | D:10     | Entered Level 10 of the Dungeon
 24885 | D:9      | Reached skill level 10 in Dodging
 25144 | D:10     | Reached XP level 15. HP: 116/118 MP: 28/28
 26629 | D:11     | Reached skill level 10 in Short Blades
 26629 | D:11     | Reached skill level 10 in Long Blades
 26629 | D:11     | Reached skill level 10 in Maces & Flails
 26629 | D:11     | Reached skill level 10 in Polearms
 26629 | D:11     | Reached skill level 10 in Staves
 26629 | D:11     | Reached skill level 10 in Slings
 26629 | D:11     | Reached skill level 10 in Bows
 26629 | D:11     | Reached skill level 10 in Crossbows
 26629 | D:11     | Reached skill level 10 in Throwing
 26629 | D:11     | Reached skill level 10 in Stealth
 26629 | D:11     | Reached skill level 10 in Shields
 26629 | D:11     | Reached skill level 10 in Unarmed Combat
 26629 | D:11     | Reached skill level 10 in Spellcasting
 26629 | D:11     | Reached skill level 10 in Evocations
 28478 | D:4      | Bought a glowing plate armour for 442 gold pieces
 28494 | D:4      | Bought a shiny plate armour for 442 gold pieces
 28747 | D:13     | Found Rime Zyt's Antique Armour Shoppe.
 28807 | D:13     | Found a burning altar of Makhleb.
 29013 | D:13     | Found a gate to the Vaults.
 29123 | D:14     | Got an ivory flail
 29125 | D:14     | Identified the cursed +3 flail of Stained Innocence
                  | {vorpal, Fragile +Inv rElec Int+5} (You found it on level
                  | 14 of the Dungeon)
 29527 | D:14     | Found a large runed translucent door.
 29527 | D:14     | Found a large runed translucent door.
 29720 | D:15     | Entered Level 15 of the Dungeon
 30103 | D:15     | Found Wutyop's Magic Scroll Boutique.
 30214 | D:15     | Reached XP level 16. HP: 107/126 MP: 30/30
 30359 | D:15     | Found Avufius's Armour Shop.
 30574 | D:13     | Bought an ancient helmet for 275 gold pieces
 30584 | D:13     | Identified the -1 helmet "Qacrie" {Slay+5 Stlth+} (You
                  | bought it in a shop on level 13 of the Dungeon)
 30623 | D:15     | Found Fid Qapt's Weapon Shop.
 30669 | D:15     | Noticed Nessos
 30670 | D:15     | Paralysed by Nessos for 7 turns
 30880 | D:15     | Killed Nessos
 30893 | D:15     | Found Vimo's Magic Scroll Emporium.
 31283 | D:15     | Found a staircase to the Depths.
 31534 | D:15     | Found Xoad's Distillery.
 31568 | D:15     | Bought a potion of heal wounds for 90 gold pieces
 31738 | D:15     | Got a dazzling long sword
 31764 | D:15     | Identified the cursed +1 long sword "Gekhlan" {drain,
                  | rPois} (You found it on level 15 of the Dungeon)
 32052 | Orc:1    | Entered Level 1 of the Orcish Mines
 32125 | Orc:1    | Found a roughly hewn altar of Beogh.
 32373 | Orc:1    | Found Xuew's Book Emporium.
 32497 | Orc:2    | Entered Level 2 of the Orcish Mines
 32540 | Orc:2    | Found a staircase to the Elven Halls.
 32788 | Orc:2    | Found a roughly hewn altar of Beogh.
 33384 | Orc:2    | Found Miukual's Antique Armour Shoppe.
 33400 | Orc:2    | Found Qawnig's Antique Weapon Shoppe.
 33427 | Orc:2    | Found Diekli's General Store.
 33449 | Orc:2    | Found Naicwere's Magic Scroll Shoppe.
 33488 | Orc:2    | Bought a scroll of blinking for 75 gold pieces
 33692 | Orc:2    | Found Zuhol's Jewellery Shoppe.
 33698 | Orc:2    | Bought the ring of Qaphal {rElec rN+ Int+2} for 458 gold
                  | pieces
 33948 | Swamp:1  | Entered Level 1 of the Swamp
 33992 | Lair:3   | Killed from afar by a spriggan druid

Illustrated notes

Levels and vault maps discovered:
D:1:      dpeg_arrival_arbitrary_b, layout_loops_corners
D:2:      layout_loops_ring, nicolae_overflow_crystal_walls,
          lemuel_crystal_altar, nicolae_qazlal_style_of_elements,
          chequers_serial_rivers_small_3, hangedman_decor_growths,
          minmay_pentomino_x2, uniq_robin
D:3:      layout_basic, xom_teletrap_fun, vehumet_crystals,
          overflow_temple_1_default, st_stairs_2, minmay_snake_closets,
          uniq_terence, uniq_grinder
D:4:      layout_loops_ring, serial_shops, shop
D:5:      layout_loops_ring, old_standard_altar, lemuel_doored_altar,
          serial_shops, nicolae_shop_behind_doors, minmay_misc_feat_chi,
          nemelex_spade_bored_becter, uniq_eustachio
D:6:      minmay_diamond_boxcup, layout_loops_ring, serial_co_window_serial,
          co_window_corner_a, co_window_paths_a, co_window_paths_a,
          co_window_paths_a, co_window_of_opportunity_a, co_window_paths_a,
          co_window_corner_a, co_window_of_opportunity_a, co_window_paths_b,
          co_window_corner_b, co_window_corner_cb, co_window_paths_c,
          co_window_2corner, co_window_4corner_a, co_window_paths_d,
          glass_columns_b, glass_columns_a, glass_columns_b,
          minmay_misc_feat_cross, uniq_pikel, uniq_blork_the_orc
D:7:      layout_basic, general_overflow_altar,
          minmay_temple_entry_antechambers, nicolae_sextant
D:8:      layout_gridville, nicolae_dithmenos_the_darkroom,
          minmay_lair_entry_grove, serial_shops, kennysheep_mini,
          lemuel_hellish_altar, uniq_psyche, uniq_prince_ribbit1
D:9:      layout_loops_corners, lemuel_coloured_pillars_altar, david_orc_5,
          enter_bailey_3, uniq_maggie
D:10:     layout_long_grid
D:11:     layout_big_octagon, minmay_joined_circles
D:12:     layout_roguey, kennysheep_small_square
D:13:     layout_gridville, david_vaults_1, serial_shops, shop,
          gauntlet_entry_generic, lemuel_altar_in_water
D:14:     doesnt_quadruple_sword, layout_cave_pools, infiniplex_staircase_pool
D:15:     grunt_enter_depths_magical_seal, layout_gridville, serial_shops, shop,
          nicolae_shop_trees, shop, shop, shop_scrolls,
          chequers_serial_rivers_micro_c, uniq_nessos
Lair:1:   layout_cave_pods, serial_bayou_shore_a, infiniplex_staircase_pool_2
Lair:2:   layout_chaotic_city
Lair:3:   layout_loops_ring, minmay_swamp_entry_reptiles
Lair:4:   layout_cave_pods, spider_nest_entry_rubble, basic_altar,
          portal_ice_cave_entry_imps, hangedman_lair_generics_rect
Lair:5:   dpeg_oklob_gauntlet, layout_misc_corridors, lemuel_fruit_tree,
          grunt_megastairs_4, serial_bayou_shore_b
Lair:6:   minmay_lair_end_frog_pond, layout_misc_corridors,
          minmay_slime_entry_oklob_enclosed, minivault_23,
          chequers_serial_rivers_micro_e, ldierk_geyser
Swamp:1:  layout_basic_swamp, evilmike_swamp_ruin_rubble_1, swamp_pool2,
          hangedman_swamp_pad
Orc:1:    cheibrodos_orc_bank, layout_caves, serial_shops, shop, mines2_david
Orc:2:    grunt_orc_cross, layout_caves, serial_shops, shop

Skill      XL: |  1  2  3  4  5  6  7  8  9 10 11 12 13 14 15 16 |
---------------+-------------------------------------------------+-----
Short Blades   | 1 2 3 4 5 6 7 8 9 10 11 | 11.0
Long Blades    | 1 2 3 4 5 6 7 8 9 10 11 | 11.0
Maces & Flails | 1 2 3 4 5 6 7 8 9 10 11 | 11.0
Polearms       | 1 2 3 4 5 6 7 8 9 10 11 | 11.0
Staves         | 1 2 3 4 5 6 7 8 9 10 11 | 11.0
Slings         | 1 2 3 4 5 6 7 8 9 10 11 | 11.0
Bows           | 1 2 3 4 5 6 7 8 9 10 11 | 11.0
Crossbows      | 1 2 3 4 5 6 7 8 9 10 11 | 11.0
Throwing       | 1 2 3 4 5 6 7 8 9 10 11 | 11.0
Stealth        | 1 2 3 4 5 6 7 8 9 10 11 | 11.0
Shields        | 1 2 3 4 5 6 7 8 9 10 11 | 11.0
Unarmed Combat | 1 2 3 4 5 6 7 8 9 10 11 | 11.0
Spellcasting   | 1 2 3 4 5 6 7 8 9 10 11 | 11.0
Evocations     | 1 2 3 4 5 6 7 8 9 10 11 | 11.0
Conjurations   | 1 2 3 4 5 6 7 8 9 |  9.3
Hexes          | 1 2 3 4 5 6 7 8 9 |  9.3
Summonings     | 1 2 3 4 5 6 7 8 9 |  9.3
Necromancy     | 1 2 3 4 5 6 7 8 9 |  9.3
Translocations | 1 2 3 4 5 6 7 8 9 |  9.3
Transmutations | 1 2 3 4 5 6 7 8 9 |  9.3
Fire Magic     | 1 2 3 4 5 6 7 8 9 |  9.3
Ice Magic      | 1 2 3 4 5 6 7 8 9 |  9.3
Air Magic      | 1 2 3 4 5 6 7 8 9 |  9.3
Earth Magic    | 1 2 3 4 5 6 7 8 9 |  9.3
Poison Magic   | 1 2 3 4 5 6 7 8 9 |  9.3
Axes           | 5 6 7 8 9 10 11 | 11.8
Armour         | 5 6 7 8 9 10 11 | 11.8
Dodging        | 3 4 5 6 7 8 9 10 11 | 11.3
Invocations    | 5 6 7 8 9 10 11 12 | 12.6
Fighting       | 7 8 9 10 11 12 | 12.5

Action                   |  1- 3 |  4- 6 |  7- 9 | 10-12 | 13-15 | 16-18 || total
-------------------------+-------+-------+-------+-------+-------+-------++-------
Melee: Hand axe          |   104 |   199 |   115 |       |       |       ||   418
       Bite              |    11 |    27 |    47 |   179 |   432 |   131 ||   827
       Punch             |       |     3 |     4 |    16 |       |       ||    23
       Whip              |       |       |   259 |   907 |  1702 |   324 ||  3192
       War axe           |       |       |       |       |   220 |   152 ||   372
Throw: Dart              |       |    10 |     1 |    25 |    86 |    24 ||   146
Invok: Depart the Abyss  |     1 |       |       |       |       |       ||     1
       Banish            |       |       |       |       |     8 |       ||     8
       Bend Space        |       |       |       |       |     3 |       ||     3
Evoke: Wand              |       |     9 |       |       |       |       ||     9
  Use: Scroll            |     4 |     5 |     4 |     9 |    14 |     6 ||    42
       Potion            |       |     5 |       |     2 |       |     3 ||    10
 Stab: Petrified         |       |       |       |     7 |     6 |       ||    13
       Sleeping          |       |       |       |       |     2 |     1 ||     3
       Petrifying        |       |       |       |       |     5 |       ||     5
Armor: Ring mail         |    42 |    71 |       |       |       |       ||   113
       Skin              |       |     6 |       |       |       |       ||     6
       Chain mail        |       |    39 |   218 |   356 |   556 |       ||  1169
       Plate armour      |       |       |       |       |   120 |   169 ||   289
Dodge: Dodged            |    72 |   119 |   161 |   435 |  1044 |   226 ||  2057
Block: Buckler           |       |       |       |   254 |  1004 |   295 ||  1553
       Reflection        |       |       |       |     2 |    41 |    31 ||    74

Table legend: (Time is in decaauts)
 A = Elapsed time spent in this place.
 B = Non-inter-level travel time spent in this place.
 C = Inter-level travel time spent in this place.
 D = Time resting spent in this place.
 E = Time spent auto-exploring this place.
 F = Levels seen in this place.
 G = Mean time per level.
                   A        B        C        D        E       F      G
               +--------+--------+--------+--------+--------+-----+--------+
         Total |  33089 |  30826 |   2263 |   6641 |  16517 |  26 | 1272.7 |
       Dungeon |  19731 |  17850 |   1881 |   2748 |  10279 |  15 | 1315.4 |
          Lair |  11394 |  11075 |    319 |   3589 |   5175 |   6 | 1899.0 |
         Swamp |     30 |     30 |      0 |      0 |      0 |   1 |   30.0 |
  Orcish Mines |   1708 |   1645 |     63 |    204 |    974 |   2 |  854.0 |
         Abyss |    223 |    223 |      0 |    100 |     89 |   2 |  111.5 |
               +--------+--------+--------+--------+--------+-----+--------+

Top non-repeatable levels by time:
     D:9: 2718 daAuts
  Lair:5: 2688 daAuts
  Lair:3: 2248 daAuts
  Lair:6: 2234 daAuts
  Lair:4: 1926 daAuts
     D:6: 1915 daAuts
     D:8: 1892 daAuts
     D:7: 1816 daAuts
    D:15: 1588 daAuts
     D:3: 1368 daAuts
  Lair:1: 1154 daAuts
  Lair:2: 1142 daAuts
     D:4: 1094 daAuts
    D:11: 1082 daAuts
   Orc:2: 1062 daAuts
